 Dungeon Crawl Stone Soup version 0.21-a0-444-g29a2fec (webtiles) character file.

197 theanonym the Chopper (level 5, -30/45 HPs)
             Began as a Hill Orc Fighter on Nov 17, 2017.
             Killed from afar by a jackal (33 damage)
             ... with an exploding inner flame
             ... hexed by the player character
             ... on level 4 of the Dungeon.
             The game lasted 00:05:27 (3339 turns).

theanonym the Chopper (Hill Orc Fighter)            Turns: 3339, Time: 00:05:28

Health: -30/45     AC:  8    Str: 18 (20) XL:     5   Next: 75%
Magic:  5/5        EV:  1    Int:  7 (8)  God:
Gold:   142        SH:  9    Dex:  9 (10) Spells: 4/4 levels left

rFire    . . .     SeeInvis +   a - +0 war axe
rCold    . . .     Gourm    .   c - +1 shield
rNeg     . . .     Faith    .   i - +0 scale mail
rPois    .         Spirit   .   (no helmet)
rElec    .         Reflect  .   (no cloak)
rCorr    .         Harm     .   (no gloves)
MR       .....                  m - +0 pair of boots
Stlth    ..........             (no amulet)
HPRegen  0.15/turn              l - ring of see invisible {sInv}
MPRegen  0.09/turn              s - -6 ring of evasion (curse)

@: no status effects
A: no striking features
a: no special abilities


   Skills:
 - Level 3.6 Fighting
 + Level 7.7 Axes
 - Level 3.2 Armour
 - Level 3.2 Shields


You had 4 spell levels left.
You didn't know any spells.

Skill      XL: |  1  2  3  4  5 |
---------------+----------------+-----
Axes           | 3 4 5 6 7 |  7.7
Fighting       | |  3.6
Armour         | |  3.2
Shields        | |  3.2

Action                   |  1- 3 |  4- 6 || total
-------------------------+-------+-------++-------
Melee: War axe           |    89 |   121 ||   210
  Use: Scroll            |       |     6 ||     6
       Potion            |       |     6 ||     6
  Eat: Chunk             |     1 |     6 ||     7
Armor: Scale mail        |    42 |   111 ||   153
Dodge: Dodged            |    33 |    20 ||    53
Block: Shield            |    47 |    98 ||   145

Inventory:

Hand Weapons
 a - a +0 war axe (weapon)
 b - a +0 blowgun
   (You took it off a kobold on level 3 of the Dungeon)
Missiles
 k - 22 poisoned needles
Armour
 c - a +1 shield (worn)
 i - a +0 scale mail (worn)
 m - a +0 pair of boots (worn)
   (You found it on level 2 of the Dungeon)
Jewellery
 e - an uncursed ring of positive energy {rN+}
   (You found it on level 1 of the Dungeon)
 l - a ring of see invisible (left hand) {sInv}
   (You found it on level 2 of the Dungeon)
 s - a cursed -6 ring of evasion (right hand)
   (You found it on level 2 of the Dungeon)
Scrolls
 f - a scroll of fog {!r}
 n - 2 scrolls of amnesia
Potions
 d - a potion of might
 p - a potion of magic
 q - a potion of heal wounds
Comestibles
 g - 3 bread rations
 o - 2 royal jellies

Dungeon Overview and Level Annotations

Branches:
Dungeon (4/15)
 Temple: D:4-7

Altars:
Elyvilon
Qazlal


You were on level 4 of the Dungeon.
You were hungry.

You visited 1 branch of the dungeon, and saw 4 of its levels.

You collected 142 gold pieces.


Message History

You feel sick.
You take 1 damage, and have 26/45 hp.
You start resting.
You feel sick. x13
You are no longer poisoned.
You take 9 damage, and have 17/45 hp.
You start resting.
Eating one of 6 chunks of flesh.
You eat one of the 6 chunks of flesh.
Some of the chunks of flesh in your inventory have rotted away. x2
Health restored: 45 You see here an adder skeleton.
All of the chunks of flesh in your inventory have rotted away.
Found a stone staircase leading up.
Okay, then.
Okay, then.
An adder comes into view.
The adder hisses angrily.
An adder is nearby!
You barely miss the adder. You block the adder's attack.
You slash the adder! The adder bites you.
You are poisoned.
The adder poisons you! The adder bites you.
You take 3 damage, and have 42/45 hp.
You closely miss the adder.
You feel sick. The adder barely misses you. You block the adder's attack.
You take 1 damage, and have 41/45 hp.
You miss the adder.
You feel sick. The adder bites you but does no damage.
You take 1 damage, and have 40/45 hp.
You closely miss the adder. The adder bites you but does no damage.
You block the adder's attack.
You slash the adder!
You kill the adder!
You feel sick.
You take 1 damage, and have 40/45 hp.
No target in view!
No target in view!
No target in view!
You feel sick.
You feel sick.
You feel sick.
You feel sick.
You feel sick.
You are no longer poisoned.
You open the door.
There is an open door here.
You open the door.
There is an open door here.
There is an open door here.
There is an open door here.
You see here a short sword.
You see here a dagger.
You open the door.
There is an open door here.
There is an open door here.
You are feeling hungry.
Health restored: 45 Done exploring.
Done exploring.
Done exploring.
There is an open door here.
There is an open door here.
There is an open door here.
It was a potion of berserk rage.
A red film seems to cover your vision as you go berserk!
You feel yourself moving faster!
You feel mighty!
You now have 67/67 hp.
You start waiting.
You feel a strong urge to attack something.
You feel your anger nearly subside.
You are no longer berserk.
You are exhausted.
You feel yourself slow down.
You now have 45/45 hp.
You start waiting.
You feel yourself speed up.
You recover from your berserk rage.
There is a stone staircase leading down here.
You climb downwards.
Found a scroll labeled ROMPAKLORR and 12 gold pieces.
There is a stone staircase leading up here.
You now have 142 gold pieces (gained 12).
A jackal comes into view.
A jackal comes into view.
The jackal barks!
You block the jackal's attack.
You see here a scroll labeled ROMPAKLORR.
As you read the scroll labeled ROMPAKLORR, it crumbles to dust.
The creatures around you are filled with an inner flame!
It was a scroll of immolation.
You block the jackal's attack.
A jackal comes into view.
You closely miss the jackal. You hit the jackal. You slash the jackal!
The jackal explodes!
The fiery explosion engulfs you!
Ouch! That really hurt!
* * * LOW HITPOINT WARNING * * *
The fiery explosion engulfs the jackal.
The jackal explodes!
The fiery explosion engulfs you!
Ouch! That really hurt!
You die...

## ## #. .#
#.#######h#
##.#....§#§#
#.......§§§#
#.......§@§#
#..........#
#...<......#
#..........#
##.#.....#.#
.............
###.#####.#.#.#
.. ....#.# .
...#


You could see a jackal.

Notes
Turn   | Place    | Note
-------+----------+-------------------------------------------
     0 | D:1      | theanonym the Hill Orc Fighter began the quest for the Orb.
     0 | D:1      | Reached XP level 1. HP: 19/19 MP: 1/1
   166 | D:1      | Reached skill level 3 in Axes
   472 | D:1      | Reached XP level 2. HP: 23/26 MP: 2/2
   922 | D:2      | Reached skill level 4 in Axes
  1031 | D:2      | Reached XP level 3. HP: 31/31 MP: 3/3
  1195 | D:2      | Reached skill level 5 in Axes
  1200 | D:2      | Reached XP level 4. HP: 39/39 MP: 4/4
  1319 | D:2      | Reached skill level 6 in Axes
  1507 | D:2      | Found a white marble altar of Elyvilon.
  1682 | D:2      | Noticed Natasha
  1688 | D:2      | Killed Natasha
  1715 | D:2      | Reached XP level 5. HP: 25/45 MP: 5/5
  2009 | D:3      | Found a stormy altar of Qazlal.
  2042 | D:3      | HP: 22/45 [bat (1)]
  2047 | D:3      | HP: 20/45 [poisoned by a kobold]
  2052 | D:3      | HP: 17/45 [poisoned by a kobold]
  2057 | D:3      | HP: 15/45 [poisoned by a kobold]
  2065 | D:3      | HP: 14/45 [poisoned by a kobold]
  2241 | D:3      | Reached skill level 7 in Axes
  2801 | D:3      | HP: 22/45 [poisoned by an adder]
  2807 | D:3      | HP: 20/45 [poisoned by an adder]
  2815 | D:3      | HP: 18/45 [poisoned by an adder]
  2823 | D:3      | HP: 18/45 [poisoned by an adder]
  3339 | D:4      | HP: 3/45 [jackal/exploding inner flame[the player character] (42)]
  3339 | D:4      | Killed from afar by a jackal

Vanquished Creatures
  A worker ant (D:2)
  Natasha (D:2)
  2 gnolls (D:2)
  6 adders
  An ooze (D:2)
  A worm (D:2)
  A dart slug (D:2)
  A leopard gecko (D:2)
  3 orcs (D:3)
  3 giant cockroaches
  8 goblins
  7 hobgoblins
  3 jackals (D:2)
  8 bats
  4 frilled lizards
  7 kobolds
  A leopard gecko zombie (D:2)
  10 rats
68 creatures vanquished.
